 Dungeon Crawl Stone Soup version 0.23.2-1-ga50397a (webtiles) character file.

Game seed: 13374597586009605590

368 xveg the Slinger (level 7, -1/45 HPs)
             Began as a Halfling Hunter on May 15, 2019.
             Was an Initiate of Yredelemnul.
             Killed from afar by an orc wizard (6 damage)
             ... with a magic dart
             ... on level 4 of the Dungeon.
             The game lasted 00:05:11 (2819 turns).

xveg the Slinger (Halfling Hunter)                  Turns: 2819, Time: 00:05:12

Health: -1/45      AC:  6    Str: 15    XL:     7   Next: 1%
Magic:  7/7        EV: 13    Int:  9    God:    Yredelemnul [......]
Gold:   176        SH:  0    Dex: 19    Spells: 6/6 levels left

rFire    + . .     SeeInvis .   a - +2 hunting sling
rCold    x . .     Gourm    .   (shield restricted)
rNeg     . . .     Faith    .   C - +0 scale mail
rPois    .         Spirit   .   (no helmet)
rElec    .         Reflect  .   (no cloak)
rCorr    .         Harm     .   (no gloves)
MR       .....                  (no boots)
Stlth    +.........             (no amulet)
HPRegen  0.15/turn              e - ring of fire
MPRegen  0.10/turn              A - +4 ring of dexterity

@: no status effects
A: small, mutation resistance 1
a: Renounce Religion


You were on level 4 of the Dungeon.
You worshipped Yredelemnul.
Yredelemnul was noncommittal.
You were not hungry.

You visited 1 branch of the dungeon, and saw 4 of its levels.

You collected 176 gold pieces.

Inventory:

Hand Weapons
 a - a +2 hunting sling (weapon)
 b - a +0 short sword
 u - a +2 dagger of venom
 D - a +1 trident of venom
Missiles
 m - 124 stones (quivered)
 v - 5 tomahawks of returning
Armour
 c - a +0 leather armour
 x - a +0 ring mail
 C - a +0 scale mail (worn)
Jewellery
 e - a ring of fire (left hand)
 A - a +4 ring of dexterity (right hand)
Scrolls
 h - 2 scrolls of fog
 k - 2 scrolls of teleportation
 p - 2 scrolls of identify
 t - a scroll of remove curse
Potions
 g - a potion of lignification {unknown}
 i - 2 potions of resistance {unknown}
 j - a potion of magic {unknown}
 n - 4 potions of curing
 q - a potion of invisibility {unknown}
 r - 3 potions of haste {unknown}
 s - a potion of brilliance {unknown}
 w - 2 potions of mutation {unknown}
 B - a potion of might {unknown}
Comestibles
 f - 5 rations


   Skills:
 + Level 2.6 Fighting
 + Level 9.8 Slings
 + Level 2.0 Armour
 + Level 2.9 Dodging
 + Level 1.3 Stealth


You had 6 spell levels left.
You didn't know any spells.
Your spell library was empty.

Dungeon Overview and Level Annotations

Branches:
Dungeon (4/15)
 Temple: D:4-7

Altars:
Cheibriados
Dithmenos
Gozag
Yredelemnul
The Shining One


Innate Abilities, Weirdness & Mutations

You are small and have problems with some larger weapons.
You are somewhat resistant to further mutation.


Message History

Aim: an orc wizard, wielding a +0 dagger and wearing a +0 robe (moderately wounded)
You shoot a stone.
The stone closely misses the orc wizard.
Unknown command.
Firing (i - inventory. (/) - cycle)
m - 126 stones (quivered)
Press: ? - help, Shift-Dir - straight line, f/p - orc wizard
Aim: an orc wizard, wielding a +0 dagger and wearing a +0 robe (moderately wounded)
You shoot a stone. The stone hits the orc wizard.
The orc wizard is heavily wounded.
The orc wizard gestures at you while chanting.
The magic dart hits you!
* * * LOW HITPOINT WARNING * * *
Firing (i - inventory. (/) - cycle)
m - 125 stones (quivered)
Press: ? - help, Shift-Dir - straight line, f/p - orc wizard
Aim: an orc wizard, wielding a +0 dagger and wearing a +0 robe (heavily wounded)
You shoot a stone. The stone barely misses the orc wizard.
The orc wizard gestures at you while chanting.
The magic dart hits you.
You die...
Your body rises from the dead as a mindless zombie.

#.# #.#....)(...(.,* #.#
#.###.##......,*
#.###.....#**+####**
#........## *,* #........#
*,* #........# *,*
#####(######### *,#
###.(....o......# *.#
#...>...#@...)#.###.###**
##..####>(#.....#......,##
#.,***#..#.#...#.....###.
#,,,,....#.....(...###...
*,**###.#.<......###_....
*,* ###.####.......###...
*,* #.(..........### ###.
*,* #...)####....# #####
*,* #....# #....# #...)


You could see an orc wizard.

Vanquished Creatures
  A phantom (D:4)
  A howler monkey (D:4)
  2 hounds (D:4)
  2 orc priests
  5 adders
  A worm (D:3)
  2 dart slugs (D:1)
  A leopard gecko (D:1)
  15 orcs
  5 bats
  2 giant cockroaches
  2 goblins
  7 hobgoblins
  A quokka (D:4)
  A ball python (D:3)
  3 frilled lizards
  8 kobolds
  4 rats
63 creatures vanquished.

Notes
Turn   | Place    | Note
-------+----------+-------------------------------------------
     0 | D:1      | xveg the Halfling Hunter began the quest for the Orb.
     0 | D:1      | Reached XP level 1. HP: 14/14 MP: 1/1
    32 | D:1      | Reached skill level 6 in Slings
   142 | D:1      | Reached XP level 2. HP: 17/19 MP: 2/2
   633 | D:2      | Reached XP level 3. HP: 24/24 MP: 3/3
   662 | D:2      | Reached skill level 7 in Slings
  1025 | D:2      | Found a faded altar of an unknown god.
  1345 | D:3      | Reached XP level 4. HP: 29/29 MP: 4/4
  1386 | D:3      | Reached skill level 8 in Slings
  1786 | D:3      | Reached XP level 5. HP: 25/34 MP: 5/5
  2009 | D:3      | Found a basalt altar of Yredelemnul.
  2018 | D:3      | Found a glowing golden altar of the Shining One.
  2169 | D:3      | Noticed an angel
  2177 | D:3      | Noticed a profane servitor
  2182 | D:3      | Became a worshipper of Yredelemnul the Dark
  2269 | D:4      | Reached skill level 1 in Armour
  2367 | D:4      | Noticed a phantom
  2380 | D:4      | Killed a phantom
  2380 | D:4      | Reached skill level 9 in Slings
  2380 | D:4      | Reached XP level 6. HP: 41/41 MP: 6/6
  2667 | D:4      | Found an opulent altar of Gozag.
  2671 | D:4      | Found a shadowy altar of Dithmenos.
  2676 | D:4      | Found a snail-covered altar of Cheibriados.
  2772 | D:4      | Reached XP level 7. HP: 41/45 MP: 7/7
  2819 | D:4      | Killed from afar by an orc wizard

Skill      XL: |  1  2  3  4  5  6 |
---------------+-------------------+-----
Slings         | 6 7 8 9 |  9.8
Fighting       | 2 |  2.6
Armour         | 1 2 |  2.0
Dodging        | |  2.9
Stealth        | |  1.3

Action                   |  1- 3 |  4- 6 |  7- 9 || total
-------------------------+-------+-------+-------++-------
Melee: Hunting sling     |       |       |     2 ||     2
 Fire: Hunting sling     |    82 |   122 |    20 ||   224
  Use: Scroll            |       |     8 |       ||     8
  Eat: Chunk             |     1 |     4 |       ||     5
Armor: Leather armour    |     1 |     3 |       ||     4
       Ring mail         |       |     7 |       ||     7
       Scale mail        |       |       |     4 ||     4
Dodge: Dodged            |    12 |    48 |     5 ||    65
